 Dungeon Crawl Stone Soup version 0.24.0-29-g8ce449bc06 (webtiles) character file.

Game seed: 4785801822623600262, levelgen mode: deterministic

11981 Flugslaktarn the Cleaver (level 11, 0/99 HPs)
             Began as a Minotaur Fighter on Nov 14, 2019.
             Was a Priest of Makhleb.
             Engulfed by a cloud of freezing vapour (5 damage)
             ... in an ice cave.
             The game lasted 00:06:37 (10786 turns).

Flugslaktarn the Cleaver (Minotaur Fighter)        Turns: 10786, Time: 00:06:37

Health: 0/99       AC: 14    Str: 21    XL:     11   Next: 56%
Magic:  14/14      EV:  7    Int:  8    God:    Makhleb [***...]
Gold:   551        SH: 11    Dex: 11    Spells: 10/10 levels left

rFire    x x .     SeeInvis .   a - +1 war axe
rCold    + + .     Gourm    .   c - +0 shield
rNeg     + . .     Faith    .   i - +0 chain mail
rPois    .         Spirit   .   (helmet restricted)
rElec    .         Reflect  .   k - scarf {repulsion}
rCorr    .         Harm     .   n - +0 pair of gloves
MR       +....                  l - +0 pair of boots
Stlth    ..........             (no amulet)
HPRegen  0.26/turn              x - ring of Kikubaaqudgha's Regard {Ice rN+ MR+ Str-2 Int+3}
MPRegen  0.14/turn              h - ring of ice

@: repel missiles
A: retaliatory headbutt, horns 2
a: Minor Destruction, Lesser Servant of Makhleb, Renounce Religion


You were in an ice cave.
You worshipped Makhleb.
Makhleb was most pleased with you.
You were not hungry.

You visited 3 branches of the dungeon, and saw 13 of its levels.
You also visited: Ice Cave.

You collected 843 gold pieces.
You spent 292 gold pieces at shops.

Inventory:

Hand Weapons
 a - a +1 war axe (weapon)
Missiles
 m - 4 throwing nets (quivered)
Armour
 c - a +0 shield (worn)
 i - a +0 chain mail (worn)
   (You found it on level 3 of the Dungeon)
 k - a scarf of repulsion (worn)
   (You found it on level 5 of the Dungeon)
 l - a +0 pair of boots (worn)
   (You found it on level 2 of the Dungeon)
 n - a +0 pair of gloves (worn)
   (You bought it in a shop on level 9 of the Dungeon)
Jewellery
 g - a +2 ring of strength
   (You found it on level 1 of the Dungeon)
 h - a ring of ice (right hand)
   (You found it on level 4 of the Dungeon)
 o - an uncursed ring of poison resistance
   (You found it on level 6 of the Dungeon)
 x - the ring of Kikubaaqudgha's Regard (left hand) {Ice rN+ MR+ Str-2 Int+3}
   (You found it on level 7 of the Dungeon)

   [ring of ice]

   It enhances your ice magic.
   It affects your strength (-2).
   It affects your intelligence (+3).
   It makes you vulnerable to fire.
   It protects you from cold.
   It protects you from negative energy.
   It affects your resistance to hostile enchantments.
 G - an uncursed ring of protection from fire {unknown}
   (You found it on level 10 of the Dungeon)
 H - a cursed ring of teleportation {unknown}
   (You found it on level 10 of the Dungeon)
Wands
 f - a wand of clouds (5)
   (You found it on level 4 of the Dungeon)
Scrolls
 p - 3 scrolls of enchant weapon
 r - 6 scrolls of identify
 s - a scroll of noise {unknown}
 t - 5 scrolls of teleportation
 u - a scroll of fog
 y - a scroll of enchant armour
 A - a scroll of holy word
 B - 6 scrolls of magic mapping
 C - 2 scrolls of fear
 E - 5 scrolls of remove curse
Potions
 b - a potion of mutation
 d - 2 potions of might
 j - 2 potions of magic {unknown}
 q - 2 potions of curing
 v - a potion of lignification {unknown}
 F - a potion of flight {unknown}
 I - 2 potions of brilliance {unknown}
 J - a potion of agility {unknown}
Comestibles
 e - 16 rations


   Skills:
 + Level 9.7 Fighting
 * Level 12.6 Axes
 + Level 9.8 Armour
 + Level 9.7 Shields
 + Level 5.5 Invocations
 + Level 4.8 Evocations


You had 10 spell levels left.
You didn't know any spells.
Your spell library was empty.

Dungeon Overview and Level Annotations

Branches:
Dungeon (11/15)            Temple (1/1) D:7            Lair (1/6) D:8
    Orc (0/2) D:9           IceCv (1/1)

Altars:
Ashenzari
Cheibriados
Dithmenos
Elyvilon
Fedhas
Gozag
Hepliaklqana
Kikubaaqudgha
Makhleb
Nemelex Xobeh
Qazlal
Ru
Sif Muna
Trog
Uskayaw
Vehumet
Wu Jian
Xom
Yredelemnul
Zin
The Shining One

Shops:
D:7 (   D:9 [(   D:10 (

Annotations:
IceCv 1 transporter, exclusion: ice statue


Innate Abilities, Weirdness & Mutations

You reflexively headbutt those who attack you in melee.
You have a pair of horns on your head.


Message History

You catch the helpless white ugly thing completely off-guard!
You slash the white ugly thing! You block the ice beast's attack.
The ice beast hits you but does no damage.
The white ugly thing is engulfed in noxious fumes.
The white ugly thing appears confused.
The ice statue gestures at you. The freezing blast engulfs you. You resist.
* * * LOW HITPOINT WARNING * * *
The ice beast hits you but does no damage.
You slash the ice statue!
You destroy the ice statue!
Makhleb accepts your kill.
The ice beast disappears in a puff of smoke! x3
You slash the ice beast!
You are engulfed in freezing vapours.
You resist.
* * * LOW HITPOINT WARNING * * *
The white ugly thing is engulfed in noxious fumes.
The ice statue glitters chillingly in the dim dungeon light.
Unknown command.
You are engulfed in freezing vapours.
You resist.
You die...

###...####
##........##
#..........##
#....☼☼§°°..##
#.8..8Y§u....#
#$.)..§§○....#
#©).○○YY○©.∩.#
#$.§.○○○.....#
#.8..@○☼.....#
#...........##
#..........##
##........##
###...####
#####


You could see an ice statue, a white ugly thing (confused) and 3 ice beasts.

Vanquished Creatures
  Harold (D:9)
  A hydra (D:11)
  A two-headed ogre (D:10)
  An unseen horror (D:10)
  An ugly thing (IceCv)
  A black mamba (Lair:1)
  A centaur zombie (D:10)
  An ice statue (IceCv)
  3 spiny frogs (Lair:1)
  A hornet (D:8)
  4 hippogriffs
  A wyvern (D:10)
  A yak (D:8)
  A wraith (D:10)
  2 hungry ghosts
  2 water moccasins
  A porcupine (Lair:1)
  7 orc warriors
  4 sky beasts
  10 ice beasts
  A phantom (D:8)
  A black bear (D:9)
  3 ogres
  4 centaurs
  2 crocodiles (D:8)
  4 bullfrogs
  A big kobold (D:10)
  A water moccasin zombie (D:10)
  3 scorpions
  5 killer bees (D:8)
  3 wights (D:10)
  2 howler monkeys (D:6)
  2 crimson imps
  A jelly (D:10)
  3 bullfrog skeletons
  A centaur skeleton (D:8)
  6 orc priests
  5 hounds
  Jessica (D:2)
  5 iguanas
  14 orc wizards
  5 worker ants
  A hound zombie (D:10)
  A hound skeleton (D:4)
  A howler monkey zombie (D:8)
  6 adders
  4 shadow imps
  12 white imps (D:11)
  An ooze (D:3)
  An adder skeleton (D:4)
  A worm (D:2)
  2 dart slugs
  7 leopard geckos
  45 orcs
  5 giant cockroaches
  8 goblins
  10 hobgoblins
  5 jackals (D:2)
  11 kobolds
  2 quokkas
  A ball python (D:2)
  8 bats
  8 frilled lizards
  2 quokka skeletons
  5 rats
265 creatures vanquished.

Notes
Turn   | Place    | Note
-------+----------+-------------------------------------------
     0 | D:1      | Flugslaktarn the Minotaur Fighter began the quest for the
                  | Orb.
     0 | D:1      | Reached XP level 1. HP: 19/19 MP: 0/0
   263 | D:1      | Reached XP level 2. HP: 27/27 MP: 1/1
   306 | D:1      | Reached skill level 3 in Axes
   577 | D:2      | Noticed Jessica
   590 | D:2      | Killed Jessica
   590 | D:2      | Reached XP level 3. HP: 17/33 MP: 2/2
   830 | D:2      | Reached XP level 4. HP: 40/40 MP: 3/3
  1231 | D:2      | Reached skill level 4 in Axes
  1320 | D:2      | Found a burning altar of Makhleb.
  1465 | D:2      | Reached XP level 5. HP: 44/47 MP: 4/4
  1694 | D:3      | Found a basalt altar of Yredelemnul.
  1712 | D:3      | Reached skill level 5 in Axes
  2171 | D:3      | Reached XP level 6. HP: 52/55 MP: 5/5
  2298 | D:3      | Reached skill level 5 in Shields
  2807 | D:4      | Reached skill level 5 in Fighting
  2816 | D:4      | Reached skill level 5 in Armour
  2897 | D:4      | Found a shimmering blue altar of Sif Muna.
  3179 | D:4      | Found a glowing golden altar of the Shining One.
  3321 | D:5      | Entered Level 5 of the Dungeon
  3454 | D:5      | Reached skill level 6 in Axes
  3483 | D:5      | Reached XP level 7. HP: 60/61 MP: 6/6
  3490 | D:5      | Found a shimmering blue altar of Sif Muna.
  3975 | D:5      | Reached skill level 7 in Axes
  4111 | D:5      | Reached XP level 8. HP: 64/70 MP: 7/7
  4555 | D:6      | Reached skill level 8 in Axes
  4636 | D:6      | Found a sparkling altar of Nemelex Xobeh.
  4834 | D:6      | Found a sacrificial altar of Ru.
  4834 | D:6      | Found a radiant altar of Vehumet.
  5071 | D:7      | Found a staircase to the Ecumenical Temple.
  5165 | D:7      | Reached skill level 9 in Axes
  5197 | Temple   | Entered the Ecumenical Temple
  5336 | Temple   | Became a worshipper of Makhleb the Destroyer
  5376 | D:7      | Got a glittering pewter ring
  5497 | D:7      | Found Sapheic's Antique Weapon Boutique.
  5515 | D:7      | Bought a runed war axe for 234 gold pieces
  5532 | D:7      | Identified the ring of Kikubaaqudgha's Regard {Ice rN+ MR+
                  | Str-2 Int+3} (You found it on level 7 of the Dungeon)
  6130 | D:8      | Reached XP level 9. HP: 63/79 MP: 8/8
  6134 | D:8      | Reached skill level 1 in Invocations
  6142 | D:8      | Reached skill level 1 in Evocations
  6431 | D:8      | Reached skill level 10 in Axes
  6761 | D:8      | Found a staircase to the Lair.
  6847 | D:8      | Reached * piety under Makhleb
  7316 | D:8      | Reached XP level 10. HP: 78/88 MP: 11/11
  7480 | Lair:1   | Entered Level 1 of the Lair of Beasts
  7480 | Lair:1   | Noticed a spiny frog
  7481 | Lair:1   | Noticed a spiny frog
  7482 | Lair:1   | Noticed a black mamba
  7494 | Lair:1   | Killed a spiny frog
  7496 | Lair:1   | Killed a black mamba
  7498 | Lair:1   | Killed a spiny frog
  7788 | Lair:1   | Noticed a spiny frog
  7797 | Lair:1   | Killed a spiny frog
  7797 | Lair:1   | Reached skill level 11 in Axes
  8048 | D:9      | Reached ** piety under Makhleb
  8270 | D:9      | Found Onekhlia's Weapon Shoppe.
  8270 | D:9      | Found a staircase to the Orcish Mines.
  8271 | D:9      | Found Dokoanuf's Armour Shoppe.
  8651 | D:9      | Bought a +0 pair of gloves for 58 gold pieces
  8695 | D:9      | Noticed Harold
  8706 | D:9      | Killed Harold
  9027 | D:10     | Entered Level 10 of the Dungeon
  9226 | D:10     | Killed an unseen horror
  9226 | D:10     | Reached XP level 11. HP: 45/97 MP: 13/13
  9446 | D:10     | Reached *** piety under Makhleb
  9729 | D:10     | Reached skill level 12 in Axes
  9759 | D:10     | Noticed a two-headed ogre
  9769 | D:10     | Killed a two-headed ogre
  9769 | D:10     | Reached skill level 5 in Invocations
 10008 | D:10     | Found Impej's Weapon Boutique.
 10536 | D:11     | Found a frozen archway.
 10540 | D:11     | Noticed a seven-headed hydra
 10559 | D:11     | Killed a ten-headed hydra
 10600 | IceCv    | Entered an ice cave
 10600 | IceCv    | Noticed a white ugly thing
 10615 | IceCv    | Killed a white ugly thing
 10618 | IceCv    | Found a transporter.
 10764 | IceCv    | Noticed a white ugly thing
 10765 | IceCv    | Found a transporter.
 10786 | IceCv    | Engulfed by a cloud of freezing vapour

Levels and vault maps discovered:
D:1:      shiori_arrival_maze, layout_rooms
D:2:      minmay_general_purpose_star, layout_basic,
          makhleb_blood_cavern_becter, uniq_jessica
D:3:      layout_loops_ring, yredelemnul_altar_generic
D:4:      layout_cave_pools, kennysheep_mini_moat, lemuel_blue_sif_altar
D:5:      kennysheep_spiral_hall, layout_loops_ring, marbit_many_paths,
          first_ration
D:6:      layout_rooms, overflow_temple_1_default,
          gammafunk_temple_overflow_wave, hangedman_abyss_or_decor_stabs
D:7:      layout_gridville, minmay_temple_entry_statues, serial_shops, shop
D:8:      layout_gridville, david_lair_generic
D:9:      layout_gridville, orc_david_3, uniq_harold
D:10:     layout_basic, serial_shops, shop
D:11:     layout_grid_maze, portal_ice_cave_entry_imps
Temple:   regret_index_temple_sphere_string
Lair:1:   layout_big_grid
IceCv:    ice_cave_statue_garden_transporter

Skill      XL: |  1  2  3  4  5  6  7  8  9 10 11 |
---------------+----------------------------------+-----
Axes           | 3 4 5 6 7 9 10 11 12 | 12.6
Fighting       | 4 5 6 7 8 9 |  9.7
Armour         | 4 5 6 7 8 9 |  9.8
Shields        | 4 5 6 7 8 9 |  9.7
Invocations    | 3 4 5 |  5.5
Evocations     | 2 4 |  4.8

Action                   |  1- 3 |  4- 6 |  7- 9 | 10-12 || total
-------------------------+-------+-------+-------+-------++-------
Melee: War axe           |    49 |   163 |   205 |   270 ||   687
       Headbutt          |     9 |    27 |    48 |    70 ||   154
Evoke: Wand              |       |       |     2 |     2 ||     4
  Use: Scroll            |       |       |    17 |     1 ||    18
       Potion            |       |       |     1 |     7 ||     8
 Stab: Confused          |       |       |     1 |     1 ||     2
  Eat: Chunk             |       |     7 |     7 |     8 ||    22
       Ration            |       |     1 |     2 |     1 ||     4
Armor: Scale mail        |    29 |    45 |       |       ||    74
       Chain mail        |       |    29 |   101 |   153 ||   283
Dodge: Dodged            |    18 |    47 |    55 |    81 ||   201
       Deflected         |       |       |       |     2 ||     2
Block: Shield            |    20 |    92 |   117 |   192 ||   421
